 Dungeon Crawl Stone Soup version 0.21-a0-584-g185da8e (console) character file.

5627 Mandevil the Ruffian (level 10, -7/80 HPs)
             Began as a Red Draconian Transmuter on Dec 21, 2017.
             Was a Believer of Yredelemnul.
             Mangled by a two-headed ogre
             ... wielding a cursed -2 giant spiked club
              (16 damage)
             ... on level 9 of the Dungeon.
             The game lasted 00:37:04 (9414 turns).

Mandevil the Ruffian (Red Draconian Transmuter)     Turns: 9414, Time: 00:37:05

Health: -7/80      AC:  7    Str: 16    XL:     10   Next: 46%
Magic:  19/20      EV: 15    Int: 14    God:    Yredelemnul [**....]
Gold:   649        SH:  0    Dex: 11    Spells: 7/22 levels left

rFire    + . .     SeeInvis .     - Unarmed
rCold    . . .     Gourm    .   (no shield)
rNeg     . . .     Faith    .   (armour unavailable)
rPois    .         Spirit   .   (helmet restricted)
rElec    .         Reflect  .   (no cloak)
rCorr    .         Harm     .   (no gloves)
MR       +....                  (boots currently unavailable)
Stlth    +.........             (no amulet)
HPRegen  0.23/turn              (no ring)
MPRegen  0.17/turn              F - ring of protection from magic

@: short of breath, appendage
A: breathe fire, unfitting armour, talons 3, fire resistance 1, cold-blooded, AC
+7
a: Breathe Fire, End Transformation, Animate Remains, Recall Undead Slaves,
Injury Mirror, Renounce Religion


You were on level 9 of the Dungeon.
You worshipped Yredelemnul.
Yredelemnul was pleased with you.
You were not hungry.
You had grown temporary talons.
You visited 2 branches of the dungeon, and saw 10 of its levels.
You also visited: Ossuary.

You collected 649 gold pieces.

Inventory:

Missiles
 a - 113 arrows
 n - 48 sling bullets
 q - 48 poisoned needles
 s - 246 stones
 t - 4 tomahawks (quivered)
 N - 25 bolts
Jewellery
 g - an uncursed ring of ice
 B - an uncursed ring of ice
 F - a ring of protection from magic (right hand)
 K - a cursed amulet of inaccuracy {unknown}
Wands
 l - a wand of digging (19)
 D - a wand of enslavement (29)
 H - a wand of clouds (11)
 I - a wand of acid (4)
Scrolls
 d - a scroll of magic mapping {unknown}
 f - a scroll of blinking {unknown}
 i - a scroll of teleportation
 m - 7 scrolls of remove curse
 o - 2 scrolls of enchant armour {unknown}
 w - 2 scrolls of amnesia {unknown}
 y - 2 scrolls of random uselessness {unknown}
 G - a scroll of immolation {unknown}
 J - a scroll of enchant weapon {unknown}
 L - 2 scrolls of identify
Potions
 e - a potion of might
 h - 3 potions of ambrosia
 j - 3 potions of brilliance
 k - a potion of heal wounds
 p - 2 potions of resistance
 r - 4 potions of curing
 u - 4 potions of flight
 v - 4 potions of invisibility
 x - 2 potions of haste
 z - 4 potions of mutation
 A - a potion of agility {unknown}
 C - 2 potions of magic
 E - 2 potions of lignification
 M - a potion of cancellation {unknown}
Books
 b - a book of Changes

   Spells                             Type                      Level
   a - Beastly Appendage              Transmutation                1
   b - Sticks to Snakes               Transmutation                2
   c - Spider Form                    Transmutation/Poison         3
   d - Ice Form                       Ice/Transmutation            4
   e - Blade Hands                    Transmutation                5
Comestibles
 c - 13 rations
 O - 2 chunks of flesh


   Skills:
 - Level 4.8 Fighting
 + Level 6.6 Dodging
 + Level 7.7 Unarmed Combat
 + Level 6.7 Spellcasting
 + Level 7.3 Transmutations
 + Level 5.8 Invocations


You had 7 spell levels left.
You knew the following spells:

 Your Spells              Type           Power        Failure   Level  Hunger
a - Beastly Appendage     Tmut           ####..       1%          1    None
b - Sticks to Snakes      Tmut           ####....     1%          2    #......
c - Spider Form           Tmut/Pois      ##........   10%         3    ##.....
d - Blade Hands           Tmut           ####......   21%         5    ######.
e - Ice Form              Ice/Tmut       ##......     32%         4    ####...


Dungeon Overview and Level Annotations

Branches:
Dungeon (9/15)             Temple (1/1) D:5
   Lair: D:8-11         Orc: D:9-12

Altars:
Cheibriados
Dithmenos
Elyvilon
Fedhas
Gozag
Hepliaklqana
Kikubaaqudgha
Makhleb
Nemelex Xobeh
Okawaru
Qazlal
Ru
Trog
Uskayaw
Vehumet
Wu Jian
Xom
Yredelemnul
Zin
The Shining One

Shops:
D:6 :

Annotations:
D:3 2 transporters, brew9's ghost, amateur MfSk
D:9 Prince Ribbit


Innate Abilities, Weirdness & Mutations

You can breathe blasts of fire.
Your fiery red scales are hard. (AC +7)
You cannot fit into any form of body armour.
Your flesh is heat resistant. (rF+)
You are cold-blooded and may be slowed by cold attacks.
You have claws for feet.


Message History

Unknown command.
You hit the black bear but do no damage.
You claw the black bear.
Your tail-slap misses the black bear.
The black bear is almost dead.
The black bear goes berserk!
You closely miss the black bear. You claw the black bear!
You kill the black bear!
Yredelemnul accepts your kill.
Press: ? - help, Shift-Dir - straight line, f/p - two-headed ogre
Aim: a two-headed ogre, wielding a giant spiked club and a giant club (lightly wounded)
You breathe a blast of fire.
The fiery breath hits the two-headed ogre.
The two-headed ogre is moderately wounded.
You feel somewhat more hungry.
The two-headed ogre is engulfed in blazing flames.
The two-headed ogre hits you with a giant spiked club!
* * * LOW HITPOINT WARNING * * *
The two-headed ogre hits you with a giant club!
You die...
Your body rises from the dead as a mindless zombie.

### ... #.# #.#
#.# #d# #O# #
#(# #
#.#####(#####..
..O....(......#
#.....(((.....#
#.....(.......#
#.............#
#..........h..#


You could see a two-headed ogre.

Vanquished Creatures
  An unseen horror (D:9)
  2 hippogriffs
  Sigmund (D:5)
  2 wyverns
  Grum (D:9)
  A hungry ghost (D:7)
  Menkaure (D:5)
  The ghost of anet the Magician, an amateur DEWz (D:4)
  2 water moccasins (D:7)
  3 ice beasts
  An eye of draining (D:7)
  2 black bears
  2 sky beasts
  6 ogres
  A centaur (D:5)
  4 wolves (D:9)
  A crocodile (D:8)
  Blork the orc (D:4)
  A big kobold (D:9)
  A bullfrog (D:8)
  2 killer bees (D:7)
  2 scorpions
  5 wights (D:7)
  3 crimson imps
  A quasit (D:9)
  5 hounds
  2 orc wizards (D:6)
  An orc priest (D:6)
  2 bullfrog skeletons
  4 jellies
  2 centaur skeletons
  8 mummies (Ossuary)
  2 hound skeletons
  A howler monkey zombie (D:8)
  7 gnolls
  11 adders
  A howler monkey skeleton (D:5)
  3 shadow imps
  An ooze (D:7)
  An adder zombie (D:7)
  A worm (D:2)
  5 leopard geckos
  11 orcs
  5 giant cockroaches
  2 gnoll zombies (Ossuary)
  13 goblins
  3 hobgoblins
  14 jackals
  3 quokkas
  6 bats
  4 frilled lizards
  A goblin zombie (D:5)
  2 hobgoblin zombies (Ossuary)
  A jackal skeleton (D:4)
  7 kobolds
  2 kobold zombies (Ossuary)
  2 orc zombies (Ossuary)
  A quokka zombie (D:6)
  3 rats
  A rat zombie (D:5)
  A butterfly (D:6)
187 creatures vanquished.

Vanquished Creatures (collateral kills)
  2 ogres
  A killer bee (D:7)
  2 jellies
  A worker ant (D:4)
  A gnoll (D:4)
  A jackal (D:5)
8 creatures vanquished.

Vanquished Creatures (others)
  A killer bee (D:7)
1 creature vanquished.

Grand Total: 196 creatures vanquished

Notes
Turn   | Place    | Note
-------+----------+-------------------------------------------
     0 | D:1      | Mandevil the Draconian Transmuter began the quest for the Orb.
     0 | D:1      | Reached XP level 1. HP: 16/16 MP: 3/3
   177 | D:1      | Reached XP level 2. HP: 15/23 MP: 3/5
   185 | D:1      | Learned a level 2 spell: Sticks to Snakes
   898 | D:1      | Found a shimmering altar of Xom.
  1366 | D:1      | Reached XP level 3. HP: 9/29 MP: 4/6
  2062 | D:3      | Found a transporter.
  2067 | D:3      | Found a transporter.
  2165 | D:3      | Reached XP level 4. HP: 36/36 MP: 7/7
  2287 | D:3      | Noticed brew9's ghost (amateur MfSk)
  3015 | D:4      | Noticed Blork the orc
  3027 | D:4      | Killed Blork the orc
  3027 | D:4      | Reached XP level 5. HP: 42/42 MP: 1/9
  3119 | D:4      | Noticed anet's ghost (amateur DEWz)
  3144 | D:4      | Killed anet's ghost
  3295 | D:4      | Reached XP level 6. HP: 48/51 MP: 6/10
  3419 | D:4      | Learned a level 3 spell: Spider Form
  3793 | D:4      | Your scales start taking on a fiery red colour.
  3793 | D:4      | Reached XP level 7. HP: 57/57 MP: 6/12
  3793 | D:4      | Gained mutation: Your flesh is heat resistant. (rF+) [Red Draconian growth]
  4120 | D:5      | Entered Level 5 of the Dungeon
  4191 | D:5      | Noticed Sigmund
  4267 | D:5      | Killed Sigmund
  4394 | D:5      | Noticed Menkaure
  4409 | D:5      | Killed Menkaure
  4409 | D:5      | Reached skill level 5 in Unarmed Combat
  4481 | D:5      | Found a sand-covered staircase.
  4509 | Ossuary  | Entered an ossuary
  4550 | Ossuary  | Reached XP level 8. HP: 67/67 MP: 12/14
  4979 | D:5      | Found a stormy altar of Qazlal.
  5132 | D:5      | Found a staircase to the Ecumenical Temple.
  5143 | Temple   | Entered the Ecumenical Temple
  5330 | Temple   | Became a worshipper of Yredelemnul the Dark
  5583 | D:6      | Reached skill level 5 in Transmutations
  5583 | D:6      | Reached skill level 1 in Invocations
  5592 | D:6      | Found Comisch's Book Shoppe.
  5766 | D:6      | Learned a level 5 spell: Blade Hands
  6381 | D:6      | Found a white marble altar of Elyvilon.
  7091 | D:7      | Reached skill level 5 in Spellcasting
  7119 | D:7      | Reached skill level 5 in Dodging
  7139 | D:7      | Reached XP level 9. HP: 63/73 MP: 16/16
  7552 | D:7      | Reached * piety under Yredelemnul
  8634 | D:8      | Learned a level 4 spell: Ice Form
  9022 | D:8      | Found an ornate altar of the Wu Jian Council.
  9277 | D:9      | Reached skill level 5 in Invocations
  9277 | D:9      | Reached XP level 10. HP: 66/80 MP: 19/19
  9281 | D:9      | Noticed Grum
  9299 | D:9      | Killed Grum
  9385 | D:9      | Noticed a two-headed ogre
  9397 | D:9      | Killed an unseen horror
  9401 | D:9      | Reached ** piety under Yredelemnul
  9405 | D:9      | Noticed Prince Ribbit
  9414 | D:9      | Mangled by a two-headed ogre

Vault maps used:
D:1:      zaba_arrival_water, serial_co_window_serial,
          co_window_of_opportunity_a, co_window_paths_a, co_window_corner_a,
          co_window_paths_a, co_window_paths_b, co_window_of_opportunity_b,
          co_window_of_opportunity_c, co_window_corner_b, co_window_4corner_a,
          co_window_4corner_b, glass_columns_a, glass_columns_c,
          glass_columns_b, st_stairs_13, dk_noncrumbling_3, xom_teletrap_fun
D:2:      first_ration
D:3:      gammafunk_steamed_eel, overflow_temple_1_default, old_standard_altar,
          small_statue_intersection
D:4:      grunt_decor_arrowhead, uniq_blork_the_orc
D:5:      minmay_temple_entry_butterflies, enter_ossuary_4,
          grunt_qazlal_sundering, uniq_menkaure, uniq_sigmund
D:6:      serial_shops, shop_statue, elyvilon_altar_5
D:8:      kennysheep_mini
D:9:      kennysheep_mini_moat, uniq_grum, uniq_prince_ribbit1
Temple:   regret_index_temple_mists
Ossuary:  ossuary_tomb_3

Skill      XL: |  1  2  3  4  5  6  7  8  9 10 |
---------------+-------------------------------+-----
Dodging        | 2 3 4 5 6 |  6.6
Fighting       | 2 3 4 |  4.8
Unarmed Combat | 4 5 6 7 |  7.7
Spellcasting   | 3 4 5 6 |  6.7
Transmutations | 3 4 5 6 7 |  7.3
Invocations    | 2 5 |  5.8

Action                   |  1- 3 |  4- 6 |  7- 9 | 10-12 || total
-------------------------+-------+-------+-------+-------++-------
Melee: Unarmed           |   129 |   133 |   361 |    43 ||   666
       Tailslap          |    12 |    15 |    38 |       ||    65
       Kick              |     2 |     9 |    21 |     3 ||    35
       Punch             |     2 |     1 |     7 |       ||    10
       Headbutt          |     4 |     8 |    11 |       ||    23
Throw: Tomahawk          |       |     5 |    15 |    10 ||    30
       Stone             |       |       |   124 |    14 ||   138
 Cast: Beastly Appendage |     9 |    15 |    35 |     2 ||    61
       Sticks to Snakes  |       |    12 |     6 |       ||    18
       Spider Form       |       |     2 |     4 |     2 ||     8
Invok: Animate Remains   |       |       |     4 |       ||     4
 Abil: Breathe Fire      |       |       |    28 |     3 ||    31
Evoke: Wand              |       |       |     5 |     3 ||     8
  Use: Scroll            |     1 |       |    10 |     1 ||    12
       Potion            |       |     4 |     1 |     2 ||     7
 Stab: Sleeping          |     3 |       |       |       ||     3
  Eat: Chunk             |     4 |     7 |    21 |     1 ||    33
       Ration            |       |       |     1 |       ||     1
Armor: Skin              |    34 |    49 |    89 |     4 ||   176
Dodge: Dodged            |    93 |    88 |   230 |    49 ||   460

Table legend:
 A = Spawn XP
 B = Non-spawn XP
 C = Spawn XP percentage of total XP
 D = Spawn monster count
 E = Non-spawn monster count
 F = Spawn count percentage of total count
 G = Total turns spent on level
                    A         B        C        D         E        F      G
               +---------+---------+-------+---------+---------+-------+---------
         Total |       0 |    8039 |   0.0 |       0 |     194 |   0.0 |  9414
               +---------+---------+-------+---------+---------+-------+---------
           D:1 |       0 |      34 |   0.0 |       0 |      20 |   0.0 |  1458
           D:2 |       0 |      53 |   0.0 |       0 |      18 |   0.0 |  1155
           D:3 |       0 |      42 |   0.0 |       0 |      13 |   0.0 |   379
           D:4 |       0 |     611 |   0.0 |       0 |      21 |   0.0 |  1128
           D:5 |       0 |     987 |   0.0 |       0 |      20 |   0.0 |   818
           D:6 |       0 |     434 |   0.0 |       0 |      18 |   0.0 |  1295
           D:7 |       0 |    1544 |   0.0 |       0 |      33 |   0.0 |  1698
           D:8 |       0 |    1588 |   0.0 |       0 |      21 |   0.0 |   686
           D:9 |       0 |    2590 |   0.0 |       0 |      14 |   0.0 |   180
       Ossuary |       0 |     156 |   0.0 |       0 |      16 |   0.0 |   413
               +---------+---------+-------+---------+---------+-------+---------
